 Dungeon Crawl Stone Soup version 0.30.0-29-ga12c61a403 (webtiles) character file.

Game seed: 2131780634231968434

4692 seaoflcl the Spear-Bearer (level 10, -2/88 HPs)
             Began as a Minotaur Fighter on June 9, 2023.
             Was a Priest of Okawaru.
             Slain by an orc warrior
             ... wielding a +0 battleaxe
              (12 damage)
             ... on level 8 of the Dungeon.
             The game lasted 00:11:37 (7803 turns).

seaoflcl the Spear-Bearer (Minotaur Fighter)        Turns: 7803, Time: 00:11:37

Health: -2/88      AC: 15    Str: 25    XL:     10   Next: 21%
Magic:  9/9        EV:  7    Int:  5    God:    Okawaru [***...]
Gold:   306        SH: 11    Dex: 16    Spells: 9/9 levels left

rFire   + . .        D - +0 spear (freeze)
rCold   + . .        c - +0 buckler
rNeg    . . .        x - +0 plate armour
rPois   .            (helmet restricted)
rElec   .            N - scarf {rC+ rF+}
rCorr   +            j - +0 pair of gloves
SInv    .            (no boots)
Will    .....        p - amulet of reflection Stlth
                     l - ring of resist corrosion
HPRegen 0.34/turn    E - +6 ring of dexterity
MPRegen 0.11/turn

%: reflection
@: no status effects
A: horns 2, retaliatory headbutt
a: Renounce Religion, Heroism


You were on level 8 of the Dungeon.
You worshipped Okawaru.
Okawaru was most pleased with you.
You visited 2 branches of the dungeon, and saw 9 of its levels.

You collected 306 gold pieces.

Inventory:

Hand Weapons
 a - a +0 war axe
 g - a +2 halberd of flaming
 B - a +1 heavy flail
 C - a +3 scythe
 D - a +0 spear of freezing (weapon)
Missiles
 K - 13 poisoned darts (quivered)
 P - 2 boomerangs
Armour
 c - a +0 buckler (worn)
 j - a +0 pair of gloves (worn)
 q - +0 ice dragon scales
 r - +0 swamp dragon scales
 x - a +0 plate armour (worn)
 J - a +0 cloak
 N - a scarf of resistance (worn)
Jewellery
 l - a ring of resist corrosion (left hand)
 p - an amulet of reflection (around neck)
 E - a +6 ring of dexterity (right hand)
Wands
 s - a wand of light (11)
 F - a wand of roots (12)
 G - a wand of flame (7)
 H - a wand of polymorph (7)
Scrolls
 h - 8 scrolls of blinking
 i - 4 scrolls of magic mapping
 m - a scroll of fog {unknown}
 o - 3 scrolls of amnesia
 u - a scroll of immolation {unknown}
 v - a scroll of brand weapon {unknown}
 w - 2 scrolls of fear
 y - a scroll of teleportation {unknown}
 I - a scroll of noise {unknown}
 L - a scroll of vulnerability {unknown}
 M - a scroll of poison {unknown}
Potions
 b - 5 potions of curing
 d - a potion of might
 e - 2 potions of cancellation
 f - 2 potions of ambrosia {unknown}
 n - a potion of invisibility {unknown}
 t - a potion of mutation {unknown}
 z - 4 potions of degeneration {unknown}
 A - a potion of haste
 O - a potion of magic {unknown}


   Skills:
 + Level 8.3 Fighting
 - Level 5.0(7.9) Axes
 - Level 3.2(4.6) Maces & Flails
 * Level 8.7(9.3) Polearms
 + Level 5.7 Throwing
 + Level 8.3 Armour
 + Level 8.2 Shields


You had 9 spell levels left.
You didn't know any spells.
Your spell library contained the following spells:

 Spells                   Type           Power      Damage    Failure   Level
 Kiss of Death            Conj/Necr      0%         2d5       100%        1
 Portal Projectile        Hex/Tloc       0%         N/A       100%        3
 Blade Hands              Tmut           0%         N/A       100%        5
 Tukima's Dance           Hex            Unusable   N/A       N/A         3

Dungeon Overview and Level Annotations

Branches:
Dungeon (8/15)             Temple (1/1) D:5            Lair (0/5) D:8

Altars:
Dithmenos
Fedhas
Gozag
Hepliaklqana
Kikubaaqudgha
Makhleb
Nemelex Xobeh
Okawaru
Ru
Sif Muna
Trog
Uskayaw
Vehumet
Wu Jian
Xom
Yredelemnul
The Shining One

Shops:
D:5 *

Annotations:
D:6 1 runed translucent door, Crazy Yiuf
Temple 2 transporters


Innate Abilities, Weirdness & Mutations

You have a pair of horns on your head.
You reflexively headbutt those who attack you in melee.


Message History

You hit the orc priest but do no damage.
Your headbutt misses the orc priest.
The orc warrior hits you with a +0 battleaxe!
* * * LOW HITPOINT WARNING * * *
You closely miss the orc priest. Your headbutt misses the orc priest.
You block the orc priest's attack.
You puncture the orc priest! You freeze the orc priest.
Your headbutt misses the orc priest.
The orc priest is severely wounded.
The orc warrior barely misses you. You block the orc priest's attack.
You hit the orc priest. You freeze the orc priest.
The orc priest is almost dead.
You block the orc warrior's attack.
You hit the orc priest but do no damage.
Your headbutt misses the orc priest.
The orc priest is almost dead.
You block the orc priest's attack.
You puncture the orc priest! You freeze the orc priest.
You kill the orc priest!
Okawaru accepts your kill.
The orc warrior hits you with a +0 battleaxe!
* * * LOW HITPOINT WARNING * * *
You feel better. You block the orc warrior's attack.
You hit the orc warrior but do no damage.
The orc warrior hits you but does no damage.
You hit the orc warrior. You freeze the orc warrior.
The orc warrior is moderately wounded.
The orc warrior hits you but does no damage.
You hit the orc warrior but do no damage.
The orc warrior is moderately wounded.
You hit the orc warrior but do no damage.
You headbutt the orc warrior.
The orc warrior is heavily wounded.
The orc warrior hits you with a +0 battleaxe!
* * * LOW HITPOINT WARNING * * *
You feel better. You block the orc warrior's attack.
You puncture the orc warrior! You freeze the orc warrior.
The orc warrior is almost dead.
The orc warrior hits you with a +0 battleaxe!
You die...

........# #.#..)#####.#
........###.#.))#####.#.
........)).....)........
........###.###...###..<
##......# #.##.....##
#......# #.#.......#
#......# #.#.....P.####
#......# #.............
#....o@# #..........###
#....))# #.....>.......
######(# ##..........##
#....).# #............
#......# ##.P..P..#.##
+......# #..PK...#...
#......# ##..K..## ##
.........# ##.K.##
........># ....#


You could see an orc warrior.

Vanquished Creatures
  Pikel (D:5)
  An elephant (D:8)
  Joseph (D:8)
  Maggie (D:7)
  Sigmund (D:4)
  Eustachio (D:6)
  2 wyverns
  Edmund (D:4)
  2 water moccasins
  2 orc warriors
  2 black bears
  An ice beast (D:5)
  An ogre (D:4)
  A centaur (D:4)
  A lemure (D:5)
  A kobold brigand (D:8)
  A bullfrog (D:7)
  6 scorpions
  6 killer bees
  A crimson imp (D:3)
  5 orc priests
  2 gnoll boudas
  A hound (D:5)
  2 jellies
  4 iguanas
  2 sleepcaps
  Jessica (D:2)
  10 orc wizards
  Natasha (twice) (D:2 D:1)
  5 adders
  10 gnolls
  2 white imps
  A dart slug (D:3)
  31 orcs
  9 ball pythons
  3 bats
  6 endoplasms
  3 giant cockroaches (D:2)
  4 goblins
  5 hobgoblins
  3 jackals (D:5)
  12 kobolds
  A quokka (D:1)
  3 frilled lizards
  4 rats
165 creatures vanquished.

Vanquished Creatures (others)
  An orc wizard (D:4)
  A kobold (D:8)
2 creatures vanquished.

Grand Total: 167 creatures vanquished

Notes
Turn   | Place    | Note
-------+----------+-------------------------------------------
     0 | D:1      | seaoflcl the Minotaur Fighter began the quest for the Orb.
     0 | D:1      | Reached XP level 1. HP: 19/19 MP: 0/0
   660 | D:1      | Reached XP level 2. HP: 24/27 MP: 1/1
   827 | D:2      | Noticed Natasha
   832 | D:2      | Killed Natasha
   833 | D:2      | Reached XP level 3. HP: 27/33 MP: 2/2
   837 | D:2      | Noticed Natasha
   852 | D:1      | Killed Natasha
   954 | D:2      | Reached XP level 4. HP: 39/40 MP: 3/3
   976 | D:2      | Noticed Jessica
   981 | D:2      | Killed Jessica
  1717 | D:3      | Found a burning altar of Makhleb.
  1717 | D:3      | Found a shimmering altar of Xom.
  1725 | D:3      | Reached XP level 5. HP: 47/47 MP: 4/4
  2390 | D:4      | Noticed Edmund
  2402 | D:4      | Killed Edmund
  2403 | D:4      | Reached skill level 5 in Axes
  2403 | D:4      | Reached skill level 1 in Throwing
  2466 | D:4      | Noticed Sigmund
  2486 | D:4      | Killed Sigmund
  2487 | D:4      | Reached skill level 5 in Fighting
  2487 | D:4      | Reached skill level 1 in Maces & Flails
  2487 | D:4      | Reached skill level 5 in Armour
  2487 | D:4      | Reached skill level 5 in Shields
  2487 | D:4      | Reached XP level 6. HP: 29/56 MP: 5/5
  2760 | D:4      | Reached XP level 7. HP: 60/61 MP: 6/6
  3141 | D:4      | Reached skill level 1 in Polearms
  3423 | D:5      | Entered Level 5 of the Dungeon
  3504 | D:5      | Noticed Pikel
  3540 | D:5      | Killed Pikel
  3541 | D:5      | Reached XP level 8. HP: 51/70 MP: 7/7
  3997 | D:5      | Found a sacrificial altar of Ru.
  4003 | D:5      | Found a shadowy altar of Dithmenos.
  4008 | D:5      | Found a sparkling altar of Nemelex Xobeh.
  4035 | D:5      | Found Leviymaa's Assorted Antiques.
  4157 | D:5      | Reached skill level 5 in Polearms
  4396 | D:5      | Found an ornate altar of the Wu Jian Council.
  4478 | D:5      | Found a staircase to the Ecumenical Temple.
  4656 | Temple   | Entered the Ecumenical Temple
  4656 | Temple   | Found a transporter.
  4656 | Temple   | Found a transporter.
  4658 | Temple   | Found a transporter.
  4658 | Temple   | Found a transporter.
  4693 | Temple   | Became a worshipper of Warmaster Okawaru
  4876 | D:6      | Noticed Eustachio
  4906 | D:6      | Killed Eustachio
  4907 | D:6      | Reached XP level 9. HP: 77/78 MP: 8/8
  5893 | D:6      | Found a runed translucent door.
  5894 | D:6      | Noticed Crazy Yiuf
  6406 | D:7      | Reached * piety under Okawaru
  6780 | D:7      | Noticed Maggie
  6798 | D:7      | Killed Maggie
  6804 | D:7      | Reached skill level 5 in Throwing
  7011 | D:7      | Found a hide-covered altar of Uskayaw.
  7181 | D:7      | Found a radiant altar of Vehumet.
  7202 | D:7      | Found an ancient bone altar of Kikubaaqudgha.
  7208 | D:7      | Reached ** piety under Okawaru
  7214 | D:7      | Got Kikubaaqudgha's Papyrus of the Mortuary
  7228 | D:7      | Found a shimmering blue altar of Sif Muna.
  7580 | D:8      | Noticed an elephant
  7584 | D:8      | Found a staircase to the Lair.
  7596 | D:8      | Killed an elephant
  7597 | D:8      | Reached XP level 10. HP: 74/88 MP: 9/9
  7754 | D:8      | Noticed Joseph
  7790 | D:8      | Killed Joseph
  7790 | D:8      | Reached *** piety under Okawaru
  7801 | D:8      | HP: 3/88 [orc warrior/+0 battleaxe (8)]
  7803 | D:8      | Slain by an orc warrior

Illustrated notes

Levels and vault maps discovered:
D:1:      dpeg_arrival_solitude, layout_loops_cross, serial_bayou,
          serial_bayou_shore_b, serial_bayou_crossing, serial_bayou_pond_c,
          serial_bayou_pond_d, serial_bayou_lagoon_a,
          chequers_serial_rivers_small_b, dreamdust_princess_corridor
D:2:      layout_loops_ring, grunt_ministairs_10, uniq_jessica, uniq_natasha
D:3:      layout_loops_ring, grunt_temple_overflow_champion_of_chaos,
          nicolae_hexahallways
D:4:      layout_loops_cross, sigmund_edmund_badplayer
D:5:      layout_basic, mainiacjoe_overflow_alcove_2,
          minmay_overflow_temple_star_quad, minmay_temple_entry_antechambers,
          serial_shops, shop, chequers_serial_rivers_room_a,
          hangedman_decor_slide_cut, uniq_pikel, uniq_edmund
D:6:      layout_basic, dk_rats_in_the_wall, uniq_eustachio,
          uniq_crazy_yiuf_cottage
D:7:      layout_gridville, palyth_temple_overflow_mages,
          nicolae_uskayaw_murder_on_the_dancefloor, amcnicky_mini_pool_small,
          uniq_maggie
D:8:      layout_basic, mainiacjoe_overflow_24_doors, david_lair_generic,
          uniq_grum, uniq_joseph
Temple:   hellmonk_temple_divided_pantheon

Skill      XL: |  1  2  3  4  5  6  7  8  9 |
---------------+----------------------------+-----
Fighting       | 4 5 6 8 |  8.3
Axes           | 3 4 5 |  5.0
Armour         | 4 5 6 8 |  8.3
Shields        | 4 5 6 8 |  8.2
Throwing       | 1 2 3 4 5 |  5.7
Maces & Flails | 1 2 3 |  3.2
Polearms       | 4 5 8 |  8.7

Action                     |  1- 3 |  4- 6 |  7- 9 | 10-12 || total
---------------------------+-------+-------+-------+-------++-------
  Melee: War axe           |    45 |    54 |       |       ||    99
         Headbutt          |     2 |    10 |    81 |    12 ||   105
         Flail             |       |    22 |    10 |       ||    32
         Spear             |       |       |   496 |    81 ||   577
  Throw: Dart              |       |       |     4 |     2 ||     6
         Throwing net      |       |       |     1 |       ||     1
    Use: Scroll            |       |       |     8 |       ||     8
         Potion            |       |       |     3 |     3 ||     6
   Stab: Held in net/web   |       |       |     1 |       ||     1
 Armour: Chain mail        |    17 |       |       |       ||    17
         Scale mail        |     2 |       |       |       ||     2
         Ice dragon scales |     3 |     6 |       |       ||     9
         Plate armour      |       |    23 |   262 |    23 ||   308
  Dodge: Dodged            |    23 |    24 |    93 |     8 ||   148
  Block: Buckler           |    26 |    26 |   205 |    33 ||   290
         Reflection        |       |     4 |     4 |     3 ||    11
